AoeStats
← Bob_The_Nob

Arabia

510257682Analyzed
1v1 RM · 2d ago on Sep 30, 2026· 65m 36s· 2 players
Game mode
Random Map
Map size
Tiny (2 player)
Population
200
Speed
Normal
Resources
Standard
Victory
Conquest
Starting age
Dark Age
Ending age
Imperial Age
RankedLock teamsTeams togetherTeam positionsShared explorationLock speedFull tech treeHidden civsTurbo modeCheats
Victory
Defeat
🇮🇹 Khmer · Italy
707
+8
🇬🇧 Tupi · United Kingdom
524
-8
Bob_The_Nob
0:38 Loom
11:13 Feudal Age
12:26 Horse Collar
14:45 Town Watch
23:30 Castle Age
22:00 Double-Bit Axe
25:42 Fletching
25:53 Padded Archer Armor
26:42 Bodkin Arrow
28:11 Town Patrol
32:50 Heavy Plow
33:04 Bow Saw
33:14 Leather Archer Armor
34:05 Gold Mining
34:11 Stone Mining
35:02 Wheelbarrow
40:20 Gold Shaft Mining
43:51 Imperial Age
43:54 Elite Blackwood Archer
44:59 Conscription
45:19 Ballistics
46:10 Chemistry
45:25 Murder Holes
46:49 Ring Archer Armor
48:35 Curare
59:48 Two-Man Saw
Swen
0:34 Loom
11:47 Feudal Age
12:08 Horse Collar
12:38 Double-Bit Axe
14:31 Man-at-Arms
16:06 Gold Mining
20:35 Castle Age
18:38 Stone Mining
21:02 Fletching
21:15 Long Swordsman
22:05 Scale Mail Armor
22:16 Forging
22:03 Bodkin Arrow
22:09 Padded Archer Armor
22:27 Crossbowman
22:54 Arson
24:08 Stone Shaft Mining
24:10 Gold Shaft Mining
23:41 Heavy Plow
24:46 Chain Mail Armor
25:07 Iron Casting
31:49 Imperial Age
29:25 Husbandry
29:36 Bloodlines
30:52 Wheelbarrow
30:03 Town Watch
30:43 Bloodlines
32:58 Elite Battle Elephant
35:01 Conscription
34:52 Two-Handed Swordsman
37:02 Tusk Swords
37:44 Ballistics
38:25 Chemistry
37:33 Bracer
38:53 Hand Cart
38:58 Elite Ballista Elephant
40:40 Double Crossbow
41:34 Crop Rotation
41:42 Town Patrol
43:33 Scale Barding Armor
44:38 Chain Barding Armor
45:20 Blast Furnace
46:27 Murder Holes
46:46 Masonry
47:52 Light Cavalry
49:20 Plate Barding Armor
57:53 Pikeman
57:59 Hussar
Connection lost

Rejoining the realm…

Still unreachable

The connection could not be restored.

Session expired

The server has moved on; the page needs a fresh start.